 Dungeon Crawl Stone Soup version 0.21.1-1-g345015f (webtiles) character file.

35 inc the Scratcher (level 3, 17/17 HPs)
             Began as a Felid Monk on Mar 7, 2018.
             Was a Priest of Nemelex Xobeh.
             Quit the game on level 3 of the Dungeon.
             The game lasted 00:03:00 (1905 turns).

inc the Scratcher (Felid Monk)                      Turns: 1905, Time: 00:03:01

Health: 17/17      AC:  2    Str:  7    XL:     3   Next: 16%
Magic:  4/4        EV: 20    Int: 12    God:    Nemelex Xobeh [***...]
Gold:   162        SH:  0    Dex: 22    Spells: 2/2 levels left
                                        Lives:  0   Deaths: 1

rFire    . . .     SeeInvis +     - Unarmed
rCold    . . .     Gourm    .   (shield unavailable)
rNeg     . . .     Faith    .   (armour unavailable)
rPois    .         Spirit   .   (helmet unavailable)
rElec    .         Reflect  .   (cloak unavailable)
rCorr    .         Harm     .   (gloves unavailable)
MR       .....                  (boots unavailable)
Stlth    +++.......             (no amulet)
HPRegen  0.05/turn              f - +4 ring of dexterity
MPRegen  0.09/turn              g - +1 ring of protection

@: quick
A: very small, no armour, no weapons or thrown items, stealth, claws 1, fangs 3,
see invisible, carnivore, speed 1, shaggy fur 1, slow metabolism 1, sharp paws
a: Triple Draw, Renounce Religion


You were on level 3 of the Dungeon.
You worshipped Nemelex Xobeh.
Nemelex Xobeh was most pleased with you.
You were not hungry.

You visited 1 branch of the dungeon, and saw 3 of its levels.

You collected 162 gold pieces.

Inventory:

Jewellery
 f - a +4 ring of dexterity (left paw)
 g - a +1 ring of protection (right paw)
Scrolls
 d - a scroll of identify
 h - 2 scrolls of magic mapping {unknown}
 j - 5 scrolls of remove curse {unknown}
 k - a scroll of teleportation {unknown}
 o - a scroll of amnesia {unknown}
 p - a scroll of random uselessness {unknown}
Potions
 e - a potion of heal wounds
 i - a potion of agility
 m - a potion of degeneration {unknown}
 n - 2 potions of lignification {unknown}
Miscellaneous
 b - a plain deck of destruction {drawn: 3}
 c - a plain deck of summoning {drawn: 2}
 l - a plain deck of destruction
 q - a plain deck of summoning
Comestibles
 a - 7 rations


   Skills:
 - Level 3.0 Fighting
 - Level 4.0 Dodging
 - Level 2.6 Stealth
 - Level 5.0 Unarmed Combat
 + Level 0.0 Invocations


You had 2 spell levels left.
You didn't know any spells.

Dungeon Overview and Level Annotations

Branches:
Dungeon (3/15)

Altars:
Makhleb
Nemelex Xobeh
Okawaru
Trog
Xom

Annotations:
D:3 1 runed door


Innate Abilities, Weirdness & Mutations

You cannot wear armour.
You are incapable of wielding weapons or throwing items.
Your paws allow you to move quietly. (Stealth)
You have sharp claws.
You have razor-sharp teeth.
You have supernaturally acute eyesight. (SInv)
You are carnivorous and can eat meat at any time.
You cover ground quickly.
You are covered in fur. (AC +1)
You have a slow metabolism.
Your sharp claws are effective at attacking unaware monsters.


Message History

Here: a crimson imp, wielding a dagger of chaos A shimmering altar of Xom.
Press: ? - help, v - describe, . - travel The floor.
Evoke which item? (* to show all) (? for menu, Esc to quit)
You draw a card...
It is Foxfire.
The crimson imp closely misses you.
Evoke which item? (* to show all) (? for menu, Esc to quit)
You draw a card...
It is the Illusion.
Suddenly you stand beside yourself.
Your vampire mosquito bites the crimson imp!
The vampire mosquito closely misses you.
The vampire mosquito completely misses inc's illusion.
Your vampire mosquito bites the vampire mosquito.
The vampire mosquito bites you!
You die...
The vampire mosquito draws strength from your injuries!
The vampire mosquito closely misses you.
The crimson imp completely misses your vampire mosquito.
You are now level 3!
You rejoin the land of the living...
Are you sure you want to abandon this character and quit the game? (Confirm with "yes".)

##############.# #+#
...............#
##....<...##
##.######### #..#
#...[># #####.##
#.....# #.....#
#.....##### ..#####
#.........# .##
###......@..# )#
####(..........#
.####....#.........#
....).####.........#
####### #...)...<.#
#.........# #######
#####.##### ..#.(.#
#.# #...♣.♣ #.#


There were no monsters in sight!

Vanquished Creatures
  A gnoll (D:1)
  An adder (D:2)
  4 worms (D:2)
  A dart slug (D:2)
  A leopard gecko (D:1)
  An orc (D:3)
  4 bats
  3 goblins
  7 hobgoblins
  5 jackals
  A quokka (D:3)
  2 ball pythons (D:1)
  4 frilled lizards
  3 kobolds
  7 rats
45 creatures vanquished.

Notes
Turn   | Place    | Note
-------+----------+-------------------------------------------
     0 | D:1      | inc the Felid Monk began the quest for the Orb.
     0 | D:1      | Reached XP level 1. HP: 10/10 MP: 2/2
     4 | D:1      | Reached XP level 2. HP: 14/14 MP: 3/3
    55 | D:1      | Found a sparkling altar of Nemelex Xobeh.
    70 | D:1      | Became a worshipper of Nemelex Xobeh the Trickster
    70 | D:1      | Received a gift from Nemelex Xobeh
    70 | D:1      | Reached * piety under Nemelex Xobeh
    70 | D:1      | Received a gift from Nemelex Xobeh
    70 | D:1      | Reached ** piety under Nemelex Xobeh
   320 | D:1      | Reached skill level 4 in Unarmed Combat
   552 | D:2      | Reached XP level 3. HP: 13/17 MP: 4/4
   885 | D:2      | Received a gift from Nemelex Xobeh
  1193 | D:2      | Found an iron altar of Okawaru.
  1204 | D:2      | Found a bloodstained altar of Trog.
  1556 | D:3      | Found a runed door.
  1612 | D:3      | Reached XP level 4. HP: 21/21 MP: 5/5
  1697 | D:3      | Reached skill level 5 in Unarmed Combat
  1793 | D:3      | Reached *** piety under Nemelex Xobeh
  1833 | D:3      | Received a gift from Nemelex Xobeh
  1886 | D:3      | Found a burning altar of Makhleb.
  1887 | D:3      | Found a shimmering altar of Xom.
  1903 | D:3      | Noticed a vampire mosquito
  1903 | D:3      | Noticed a vampire mosquito
  1903 | D:3      | Noticed a vampire mosquito
  1903 | D:3      | Noticed a vampire mosquito
  1904 | D:3      | Slain by a vampire mosquito
  1905 | D:3      | Reached XP level 3. HP: -1/17 MP: 4/4
  1905 | D:3      | Quit the game

Skill      XL: |  1  2  3  4 |
---------------+-------------+-----
Unarmed Combat | 4 5 |  5.0
Fighting       | |  3.0
Dodging        | |  4.0
Stealth        | |  2.6

Action                   |  1- 3 |  4- 6 || total
-------------------------+-------+-------++-------
Melee: Unarmed           |    77 |    30 ||   107
       Punch             |     2 |     1 ||     3
       Bite              |    10 |     1 ||    11
Evoke: Deck              |       |     5 ||     5
  Use: Scroll            |     2 |       ||     2
 Stab: Sleeping          |    20 |       ||    20
  Eat: Chunk             |       |     1 ||     1
Armor: Skin              |     7 |     3 ||    10
Dodge: Dodged            |    49 |    23 ||    72
